 Dungeon Crawl Stone Soup version 0.30.0-5-g1a98f26d00 (webtiles) character file.

Game seed: 10653982607124780002

2043 javelincjr the Ducker (level 9, -3/65 HPs)
             Began as a Djinni Fire Elementalist on May 11, 2023.
             Was a Follower of Qazlal.
             Slain by an ice beast (18 damage)
             ... on level 6 of the Dungeon.
             The game lasted 00:24:12 (5603 turns).

javelincjr the Ducker (Djinni Fire Elementalist)    Turns: 5603, Time: 00:24:12

Health: -3/65      AC:  2    Str:  9    XL:     9   Next: 48%
Gold:   265        EV: 14    Int: 19    God:    Qazlal [*.....] SH:  2 Dex: 14

rFire   + + .        t - +2 dagger (venom)
rCold   x . .        (no shield)
rNeg    + . .        a - +0 robe
rPois   ∞            (no helmet)
rElec   .            (no cloak)
rCorr   .            (no gloves)
SInv    .            (boots unavailable)
Will    .....        (no amulet)
Stlth   +++          j - ring of positive energy
HPRegen 0.30/turn    (no ring)
MPRegen 0.00/turn

%: infuse magic (-4 HP)
@: flying
A: sickness immunity, fire resistance 2, cold vulnerability 1, float, innate
caster, HP casting, extra vitality 1
a: Renounce Religion


You were on level 6 of the Dungeon.
You worshipped Qazlal.
Qazlal was aware of your devotion.
You visited 1 branch of the dungeon, and saw 6 of its levels.

You collected 265 gold pieces.

Inventory:

Hand Weapons
 b - a +0 hand axe
 t - a +2 dagger of venom (weapon)
 v - a +1 long sword of holy wrath
 A - a +1 falchion of draining
Armour
 a - a +0 robe (worn)
Jewellery
 j - a ring of positive energy (left hand)
Scrolls
 c - a scroll of fear {unknown}
 d - 2 scrolls of fog {unknown}
 e - a scroll of vulnerability {unknown}
 g - 5 scrolls of teleportation {unknown}
 h - 2 scrolls of brand weapon {unknown}
 k - 3 scrolls of identify {unknown}
 o - 2 scrolls of poison {unknown}
 q - 2 scrolls of enchant armour {unknown}
 u - a scroll of immolation {unknown}
 y - 2 scrolls of magic mapping {unknown}
 z - a scroll of blinking {unknown}
 B - 2 scrolls of enchant weapon {unknown}
 C - a scroll of acquirement {unknown}
Potions
 f - 4 potions of flight {unknown}
 i - 2 potions of berserk rage {unknown}
 l - a potion of invisibility
 m - a potion of haste {unknown}
 n - a potion of lignification {unknown}
 p - 3 potions of degeneration {unknown}
 r - 3 potions of curing {unknown}
 s - 2 potions of ambrosia {unknown}
 w - a potion of resistance {unknown}
 x - a potion of heal wounds {unknown}


   Skills:
 * Level 5.4 Fighting
 + Level 6.4 Dodging
 + Level 5.2 Stealth
 + Level 4.9 Spellcasting
 + Level 3.7 Invocations


You knew the following spells:

 Your Spells              Type           Power      Damage    Failure   Level
a - Foxfire               Conj/Fire      92%        2x1d8     1%          1
b - Scorch                Fire           46%        2d6       2%          2
c - Volatile Blastmotes   Fire/Tloc      46%        2d13      4%          3
d - Inner Flame           Hex/Fire       23%        N/A       4%          3
e - Flame Wave            Conj/Fire      23%        2d8       17%         4
f - Summon Small Mammal   Summ           92%        N/A       1%          1
g - Searing Ray           Conj           46%        2d6       2%          2
h - Vhi's Electric Charg  Tloc/Air       46%        N/A       4%          3
i - Ignite Poison         Fire/Tmut/Pois 23%        N/A       4%          3
Your spell library was empty.

Dungeon Overview and Level Annotations

Branches:
Dungeon (6/15)
 Temple: D:4-7

Altars:
Cheibriados
Nemelex Xobeh
Qazlal
Wu Jian
Zin
The Shining One

Shops:
D:1 !   D:5 (


Innate Abilities, Weirdness & Mutations

You are immune to sickness and miasma.
You are immune to poison.
Your flesh is very heat resistant. (rF++)
You are vulnerable to cold. (rC-)
You float through the air rather than walking.
You learn spells naturally, not from books.
Your magical power is your life essence.
You have superior vitality. (+4 MHP)


Message History

The gnoll explodes!
The fiery explosion engulfs the howler monkey!!!
Qazlal accepts your kill.
The howler monkey explodes!
The fiery explosion engulfs something!!
Qazlal accepts your kill.
Reactivating autopickup.
You feel a bit more experienced. The ice beast completely misses you.
Casting: Scorch (safe; 2% risk of failure)
Confirm with . or Enter, or press ? or * to list all spells.
Flames lash the ice beast.
The ice beast melts!
The ice beast is lightly wounded.
The ice beast's fire resistance burns away.
The ice beast misses you.
Casting: Scorch (safe; 2% risk of failure)
Confirm with . or Enter, or press ? or * to list all spells.
Flames lash the ice beast.
The ice beast is lightly wounded.
The ice beast is engulfed in a cloud of scalding steam.
The ice beast completely misses you.
Casting: Scorch (safe; 2% risk of failure)
Confirm with . or Enter, or press ? or * to list all spells.
Flames lash the ice beast.
The ice beast melts!
The ice beast is severely wounded.
The ice beast barely misses you.
Casting: Scorch (safe; 2% risk of failure)
Confirm with . or Enter, or press ? or * to list all spells.
Flames lash the ice beast.
The ice beast melts!
The ice beast is almost dead.
* * * LOW HITPOINT WARNING * * *
You block the ice beast's attack.
Casting: Scorch (safe; 2% risk of failure)
Confirm with . or Enter, or press ? or * to list all spells.
Flames lash the ice beast.
The ice beast is almost dead.
* * * LOW HITPOINT WARNING * * *
The ice beast hits you.
* * * LOW HITPOINT WARNING * * *
The ice beast freezes you!!
You feel a terrible chill!
You die...

#.........#
#.≈≈≈≈≈≈≈.#
#≈).≈≈≈..≈#
#≈.≈...≈.≈# ...##
#≈.≈._.≈.≈# .....
..# #≈)≈...≈.≈#
.... ...
#≈).≈≈§..§# ... #..
#)≈≈≈≈≈§☼§# #.##
#..
#..°@Y.)..###..#
#..
....#########)#...#
##.. #...
#...........###..>
..
#..........###....
...............#..
.............###..
.............##...
.##...........#..#
.................


You could see an ice beast (combustible).

Vanquished Creatures
  A two-headed ogre (D:6)
  An orc warrior (D:5)
  3 ogres
  A centaur (D:5)
  A phantom (D:6)
  A gnoll sergeant (D:6)
  5 scorpions
  A howler monkey (D:6)
  A jelly (D:4)
  2 hounds
  2 orc priests
  A gnoll bouda (D:4)
  3 iguanas
  5 orc wizards
  4 gnolls (D:6)
  4 adders
  A white imp (D:5)
  An ufetubus (D:5)
  4 worms
  3 dart slugs
  13 orcs
  5 ball pythons
  3 endoplasms
  3 giant cockroaches
  10 goblins
  6 hobgoblins
  2 jackals (D:3)
  4 quokkas
  3 bats (D:1)
  4 frilled lizards (D:3)
  5 kobolds
  5 rats
108 creatures vanquished.

Vanquished Creatures (others)
  346 foxfires
346 creatures vanquished.

Grand Total: 454 creatures vanquished

Notes
Turn   | Place    | Note
-------+----------+-------------------------------------------
     0 | D:1      | javelincjr the Djinni Fire Elementalist began the quest for
                  | the Orb.
     0 | D:1      | javelincjr set off with the following spells memorised:
                  | Foxfire, Scorch, Volatile Blastmotes, Inner Flame, Flame
                  | Wave.
     0 | D:1      | Reached XP level 1. HP: 15/15 MP: 0/0
   227 | D:1      | Reached XP level 2. HP: 19/21 MP: 0/0
   240 | D:1      | Found Irota's Distillery.
   826 | D:2      | Reached XP level 3. HP: 19/25 MP: 0/0
   826 | D:2      | Learned a level 1 spell: Summon Small Mammal
  1562 | D:2      | Reached skill level 3 in Dodging
  1733 | D:3      | Reached XP level 4. HP: 26/31 MP: 0/0
  2437 | D:3      | Found a stormy altar of Qazlal.
  2443 | D:3      | Became a worshipper of Qazlal Stormbringer
  2724 | D:4      | Noticed an ogre
  2729 | D:4      | Killed an ogre
  2730 | D:4      | Reached XP level 5. HP: 29/35 MP: 0/0
  2730 | D:4      | Learned a level 2 spell: Searing Ray
  2877 | D:4      | Reached skill level 4 in Dodging
  2877 | D:4      | Reached XP level 6. HP: 15/40 MP: 0/0
  3147 | D:4      | Reached XP level 7. HP: 24/45 MP: 0/0
  3147 | D:4      | Learned a level 3 spell: Vhi's Electric Charge
  3880 | D:5      | Entered Level 5 of the Dungeon
  3906 | D:5      | Reached skill level 1 in Fighting
  3907 | D:5      | Reached * piety under Qazlal
  3908 | D:5      | Reached skill level 5 in Dodging
  3927 | D:5      | Reached skill level 1 in Invocations
  4297 | D:5      | Reached XP level 8. HP: 51/55 MP: 0/0
  4364 | D:5      | Found a snail-covered altar of Cheibriados.
  4402 | D:5      | Found a sparkling altar of Nemelex Xobeh.
  4442 | D:5      | Found a glowing silver altar of Zin.
  4540 | D:5      | Found Tutroenn's Firing Range.
  4797 | D:5      | Found a glowing golden altar of the Shining One.
  5267 | D:5      | Found an ornate altar of the Wu Jian Council.
  5481 | D:6      | Noticed a two-headed ogre
  5491 | D:6      | Killed a two-headed ogre
  5492 | D:6      | Reached skill level 6 in Dodging
  5492 | D:6      | Reached skill level 5 in Stealth
  5492 | D:6      | Reached XP level 9. HP: 56/64 MP: 0/0
  5492 | D:6      | Learned a level 3 spell: Ignite Poison
  5540 | D:6      | Reached skill level 5 in Fighting
  5603 | D:6      | Slain by an ice beast

Illustrated notes

Levels and vault maps discovered:
D:1:      giann_wishing_wells, layout_loops_ring, serial_shops,
          nicolae_lakefront_shop
D:2:      layout_basic
D:3:      layout_basic, grunt_qazlal_sundering, moated_statue,
          minmay_crystal_water, wander_ebering_terrifying_dragon_lair
D:4:      layout_layer_cave, kennysheep_generic_room_10
D:5:      layout_basic, mainiacjoe_overflow_alcove_2, overflow_temple_1_default,
          overflow_temple_1_default, kennysheep_slug_shrine, kennysheep_mini,
          nicolae_concentric_dashed_squares_wild, nicolae_shop_firing_range
D:6:      layout_cave_pools, mainiacjoe_overflow_paths,
          minmay_temple_entry_junction, serial_shops, shop, shop,
          nrook_pool_corridor, grunt_decor_junction

Skill      XL: |  1  2  3  4  5  6  7  8  9 |
---------------+----------------------------+-----
Stealth        | 2 3 4 5 |  5.2
Dodging        | 3 4 5 6 |  6.4
Spellcasting   | 3 4 |  4.9
Fighting       | 2 4 5 |  5.4
Invocations    | 1 3 |  3.7

Action                     |  1- 3 |  4- 6 |  7- 9 || total
---------------------------+-------+-------+-------++-------
  Melee: Unarmed           |     1 |       |       ||     1
         Hand axe          |     7 |     1 |       ||     8
         Dagger            |       |       |    36 ||    36
   Cast: Foxfire           |    75 |    91 |    54 ||   220
         Scorch            |     2 |     8 |    21 ||    31
         Inner Flame       |       |     3 |    25 ||    28
         Searing Ray       |       |     1 |     1 ||     2
         Volatile Blastmot |       |       |     1 ||     1
   Stab: Sleeping          |       |     1 |       ||     1
 Armour: Robe              |     2 |     2 |     5 ||     9
  Dodge: Dodged            |    14 |     4 |    34 ||    52
  Block: Other             |       |       |     3 ||     3
